 Dungeon Crawl Stone Soup version 0.26-a0-259-g1effd001a9 (webtiles) character file.

Game seed: 15872840565462540538

300488 Arthanis the Executioner (level 21, -1/213 HPs)
             Began as a Gargoyle Berserker on July 26, 2020.
             Was the Champion of Trog.
             Killed from afar by a deep elf annihilator (62 damage)
             ... with a crystal spear
             ... on level 3 of the Elven Halls.
             The game lasted 01:05:02 (34611 turns).

Arthanis the Executioner (Gargoyle Berserker)      Turns: 34611, Time: 01:05:03

Health: -1/213     AC: 45    Str: 27    XL:     21   Next: 1%
Magic:  21/21      EV: 12    Int: 17    God:    Trog [******]
Gold:   1338       SH: 19    Dex: 18    Spells: 20/20 levels left

rFire    . . .     SeeInvis .   a - +5 broad axe "Jutol" {vamp, rC+ MR+}
rCold    + + .     Faith    .   B - +2 tower shield
rNeg     + . .     Spirit   .   C - +0 plate armour
rPois    ∞         Reflect  .   A - +2 helmet
rElec    +         Harm     .   j - scarf {rC+ rF+}
rCorr    +                      r - +0 pair of fencer's gloves {Riposte Dex+3}
MR       ++++.                  U - +2 pair of boots "Feekypn" {rF- rCorr Dex+6}
Stlth    ..........             R - amulet of regeneration
HPRegen  1.85/turn              p - ring of the Will of the Gods {AC+4 Str+5}
MPRegen  0.17/turn              x - +4 ring of evasion

@: berserking, flying, regenerating, very quick
A: big wings, negative energy resistance 1, electricity resistance, unbreathing,
petrification resistance, rot immunity, AC +16
}: 2/15 runes: decaying, serpentine
a: Stop Flying, Berserk, Trog's Hand, Brothers in Arms, Renounce Religion


You were on level 3 of the Elven Halls.
You worshipped Trog.
Trog was exalted by your worship.
You were not hungry.

You visited 6 branches of the dungeon, and saw 34 of its levels.
You also visited: Ice Cave.

You collected 3582 gold pieces.
You spent 2244 gold pieces at shops.

Inventory:

Hand Weapons
 a - the +5 broad axe "Jutol" (weapon) {vamp, rC+ MR+}
   (You found it on level 14 of the Dungeon)

   It inflicts no extra harm, but heals its wielder when it wounds a living foe.
   It protects you from cold.
   It affects your resistance to hostile enchantments.
 b - a +4 broad axe of flaming
 Q - a +4 antimagic broad axe
 Z - a +5 executioner's axe of freezing
Armour
 j - a scarf of resistance (worn)
 r - the +0 pair of fencer's gloves (worn) {Riposte Dex+3}
   (You bought it in a shop on level 2 of the Orcish Mines)

   It affects your dexterity (+3).
 A - a +2 helmet (worn)
 B - a +2 tower shield (worn)
 C - a +0 plate armour (worn)
 U - the +2 pair of boots "Feekypn" (worn) {rF- rCorr Dex+6}
   (You found it on level 12 of the Dungeon)

   It affects your dexterity (+6).
   It makes you vulnerable to fire.
   It provides partial protection from all sources of acid and corrosion.
 W - a +2 cloak
Jewellery
 k - an uncursed ring of see invisible
 p - the ring of the Will of the Gods (left hand) {AC+4 Str+5}
   (You bought it in a shop on level 2 of the Orcish Mines)

   [ring of protection]

   It affects your AC (+4).
   It affects your strength (+5).
 x - a +4 ring of evasion (right hand)
 G - the ring "Xam Mufa" {Fire +Inv Int+3}
   (You bought it in a shop on level 2 of the Orcish Mines)

   [ring of fire]

   It enhances your fire magic.
   It affects your intelligence (+3).
   It protects you from fire.
   It makes you vulnerable to cold.
   It lets you turn invisible.
 P - an uncursed amulet of the acrobat
 R - an amulet of regeneration (around neck)
 V - an uncursed ring of protection from cold
Wands
 z - a wand of iceblast (17)
 F - a wand of paralysis (16)
 J - a wand of disintegration (37)
 L - a wand of clouds (9)
 M - a wand of digging (3)
 S - a wand of acid (22)
Scrolls
 g - 10 scrolls of remove curse
 h - 9 scrolls of fear
 i - 12 scrolls of teleportation
 m - 8 scrolls of fog
 o - 4 scrolls of blinking
 v - 3 scrolls of enchant weapon
 E - 4 scrolls of magic mapping
 H - 4 scrolls of enchant armour
 O - a scroll of summoning
 T - 4 scrolls of immolation
 X - a scroll of acquirement
 Y - a scroll of holy word
Potions
 d - 7 potions of haste
 e - 2 potions of lignification
 f - 10 potions of heal wounds
 l - 15 potions of curing
 n - 2 potions of berserk rage
 q - 3 potions of ambrosia {unknown}
 t - 4 potions of stabbing
 u - 4 potions of mutation
 w - a potion of cancellation {unknown}
 y - 2 potions of might {unknown}
 D - 2 potions of resistance {unknown}
 I - 2 potions of brilliance {unknown}
 K - a potion of invisibility {unknown}
Comestibles
 c - 121 rations


   Skills:
 + Level 18.5 Fighting
 * Level 22.3 Axes
 + Level 14.8 Armour
 - Level 6.0 Dodging
 - Level 6.0 Shields
 + Level 11.3 Evocations


You had 20 spell levels left.
You didn't know any spells.
Your spell library contained the following spells:

 Spells                   Type           Power        Failure   Level
 Animate Skeleton         Necr           #.....       100%        1
 Apportation              Tloc           #.....       100%        1
 Beastly Appendage        Tmut           #.....       100%        1
 Corona                   Hex            #......      100%        1
 Freeze                   Ice            #...         100%        1
 Magic Dart               Conj           #...         100%        1
 Sandblast                Erth           #.....       100%        1
 Shock                    Conj/Air       #...         100%        1
 Summon Butterflies       Summ           #.......     100%        1
 Summon Small Mammal      Summ           #...         100%        1
 Blink                    Tloc           N/A          100%        2
 Call Imp                 Summ           #.......     100%        2
 Corpse Rot               Necr/Air       N/A          100%        2
 Passwall                 Tmut/Erth      #.......     100%        2
 Slow                     Hex            #.......     100%        2
 Sticks to Snakes         Tmut           #.......     100%        2
 Swiftness                Chrm/Air       #.......     100%        2
 Call Canine Familiar     Summ           #.......     100%        3
 Conjure Flame            Conj/Fire      #.......     100%        3
 Frozen Ramparts          Ice            #.....       100%        3
 Ignite Poison            Fire/Tmut/Pois #.......     100%        3
 Mephitic Cloud           Conj/Pois/Air  #.......     100%        3
 Ozocubu's Armour         Chrm/Ice       #.......     100%        3
 Spider Form              Tmut/Pois      #.........   100%        3
 Static Discharge         Conj/Air       #.......     100%        3
 Stone Arrow              Conj/Erth      #.....       100%        3
 Airstrike                Air            #.........   100%        4
 Hailstorm                Conj/Ice       #.......     100%        4
 Ice Form                 Ice/Tmut       #.......     100%        4
 Petrify                  Tmut/Erth      #.......     100%        4
 Summon Ice Beast         Ice/Summ       #.......     100%        4
 Blade Hands              Tmut           #.........   100%        5
 Fireball                 Conj/Fire      #.........   100%        5
 Lee's Rapid Deconstruct  Erth           #.........   100%        5
 Lightning Bolt           Conj/Air       #.........   100%        5
 Summon Forest            Summ/Tloc      #.........   100%        5
 Summon Mana Viper        Hex/Summ       #.......     100%        5
 Eringya's Noxious Bog    Tmut/Pois      #.........   100%        6
 Hydra Form               Tmut           #.........   100%        6
 Starburst                Conj/Fire      #.........   100%        6
 Ring of Flames           Chrm/Fire      #.........   100%        7
 Spellforged Servitor     Conj/Summ      #.........   100%        7
 Summon Hydra             Summ           #.........   100%        7
 Ignition                 Fire           #.........   100%        8


Dungeon Overview and Level Annotations

Branches:
Dungeon (15/15)            Temple (0/1) D:5            Lair (6/6) D:10
  Swamp (4/4) Lair:4        Snake (4/4) Lair:4        Slime (0/5) Lair:6
    Orc (2/2) D:12            Elf (3/3) Orc:2        Vaults (0/5) D:14
 Depths (0/5) D:15          IceCv (visited)

Altars:
Cheibriados
Dithmenos
Fedhas
Kikubaaqudgha
Makhleb
Nemelex Xobeh
Okawaru
Qazlal
Sif Muna
Wu Jian
Xom
Zin
The Shining One
Beogh

Shops:
Orc:2 (*=[[

Annotations:
D:14 Snorg
Lair:5 exclusion: 4 oklob plants


Innate Abilities, Weirdness & Mutations

You are resistant to torment.
Your stone body is resilient. (AC +16)
You are immune to poison.
Your large and strong wings let you fly indefinitely.
You resist negative energy. (rN+)
You are resistant to electric shocks. (rElec)
You can survive without breathing.
You are immune to petrification.
You are immune to rotting.


Message History

g - Guard the area. f - Follow me.
Anything else - Cancel.
Gang up on whom?
Press: ? - help, Dir - move target cursor, f - deep elf annihilator
Aim: a deep elf annihilator, wielding the +5 short sword of Conformity {pain, *Rage rF++} and wearing a +4 ring of slaying (fire blocked by a translucent rock wall) There's something in the way.
Okay, then.
Your stone giant disappears in a puff of smoke!
Your skin crawls.
You feel resistant to hostile enchantments.
You recover from your berserk rage.
A red film seems to cover your vision as you go berserk!
You feel yourself moving faster!
You feel mighty!
The deep elf annihilator points at you and mumbles some strange words.
The bolt of lightning hits you. You resist.
* * * LOW HITPOINT WARNING * * *
You feel a strong urge to attack something.
The deep elf annihilator gestures at you while chanting.
The crystal spear hits you!!!
You die...

#.## ##........##.####.# #.#
#........##[...... #.##
##..............[.. ##.#
#.#........##...... #.##
##.####.###.##...... ###
##.#####.## #............. #.##
#.......#######...##...... .#.##
#.##....e................. ###.##
#.......#@.#.......)......
####.###.####.)#..#.......)......
.####.##.......#..##.......###.#.
..####.......#.#...........##..#.
...##.##.#...#)##........#.#.....
.....###...)...####...####..#..#.
....####.......# #...# #.##..#.
....!.##.......# #...####..)....
......##.......# #.........#.###


You could see a deep elf annihilator.

Vanquished Creatures
  Rupert (D:14)
  Jorgrun (Snake:3)
  An Ice Fiend (IceCv)
  2 deep elf blademasters (Elf:3)
  2 deep elf master archers (Elf:3)
  Frances (Snake:1)
  A thorn hunter (Swamp:4)
  9 nagarajas
  A deep elf sorcerer (Elf:3)
  2 orc warlords (Orc:2)
  Louise (Elf:1)
  5 deep elf elementalists (Elf:3)
  4 deep elf demonologists
  Azrael (D:14)
  4 deep elf annihilators
  2 ettins
  7 deep elf death magi (Elf:3)
  2 fire dragons (Lair:6)
  A deep elf high priest (Elf:3)
  15 naga warriors
  A rakshasa (D:13)
  Fannar (Lair:1)
  2 ogre magi
  4 centaur warriors
  2 ghost crabs
  24 hydras
  An ice dragon (Swamp:3)
  2 death knights
  Erica (Lair:1)
  2 catoblepae
  15 anacondas
  4 shambling mangroves
  29 dancing weapons
  19 two-headed ogres
  17 alligators
  3 tengu warriors
  2 spriggan berserkers (Swamp:4)
  16 naga sharpshooters
  An orc high priest (Orc:2)
  4 shock serpents
  A titan skeleton (D:15)
  18 deep elf knights
  3 salamander mystics (Snake:4)
  3 skeletal warriors
  8 swamp dragons
  5 unseen horrors
  A flayed ghost (D:15)
  6 deep elf archers
  3 wizards (D:14)
  4 spriggan druids
  9 naga ritualists
  A sphinx zombie (D:15)
  A necromancer (D:15)
  5 lindwurms
  3 orc sorcerers (Orc:2)
  3 orc knights (Orc:2)
  15 ugly things
  19 mana vipers
  7 cyclopes
  A frost giant zombie (D:15)
  42 deep elf magi
  A manticore (D:9)
  48 black mambas
  8 salamanders
  2 ice statues (IceCv)
  23 naga magi
  Joseph (D:10)
  7 guardian serpents
  5 torpor snails (Lair:6)
  A gargoyle (D:13)
  18 cane toads
  6 centaur skeletons
  3 kobold demonologists
  6 komodo dragons
  A yaktaur (D:13)
  Maggie (Lair:1)
  3 rime drakes
  An efreet (D:13)
  9 ice devils (IceCv)
  3 anaconda simulacra (IceCv)
  A tengu conjurer (D:15)
  A golden dragon simulacrum (IceCv)
  A polar bear (shapeshifter) (D:13)
  5 trolls
  4 meliai
  16 hornets
  17 tyrant leeches
  13 blink frogs
  2 polar bears
  Prince Ribbit (D:6)
  21 bog bodies
  26 slime creatures
  10 hippogriffs
  3 air elementals
  12 spriggans
  2 wraiths
  A dire elephant simulacrum (IceCv)
  7 wyverns
  3 shadows
  A wyvern (shapeshifter) (D:13)
  3 water elementals
  An elf zombie (D:15)
  62 yaks
  A vampire (D:9)
  5 basilisks
  4 steam dragons
  6 fire elementals
  5 vampire mosquitoes
  12 swamp worms
  2 wargs (Orc:2)
  3 harpy simulacra (IceCv)
  3 insubstantial wisps (Swamp:4)
  3 acid dragons
  51 nagas
  2 hydra simulacra (IceCv)
  2 hell hounds (D:14)
  7 porcupines
  30 water moccasins
  36 orc warriors
  4 sky beasts
  13 swamp drakes
  2 ice beasts
  2 phantoms
  4 black bears
  15 ogres
  9 wolves
  18 centaurs
  11 crocodiles
  5 big kobolds
  13 bullfrogs
  A wyvern zombie (D:9)
  5 scorpions
  20 killer bees
  8 wights
  4 howler monkeys
  3 electric eels (D:6)
  6 centaur zombies
  3 quasits
  2 bullfrog zombies
  10 hounds
  5 jellies
  18 orc priests
  36 orc wizards
  3 bullfrog skeletons
  A gnoll shaman (Orc:2)
  5 iguanas
  7 worker ants
  4 worker ant zombies
  13 gnolls
  17 adders
  2 shadow imps (D:6)
  3 white imps
  An ufetubus (D:9)
  3 oozes
  2 adder zombies
  A worm (D:2)
  2 adder skeletons
  2 dart slugs
  5 leopard geckos
  85 orcs
  6 bats
  2 giant cockroaches
  10 goblins
  9 hobgoblins
  8 jackals
  3 quokkas
  3 ball pythons
  9 frilled lizards
  24 kobolds
  11 rats
  A fungus (Lair:4)
  5 plants (Lair:6)
1367 creatures vanquished.

Vanquished Creatures (others)
  A hydra (Swamp:4)
  A spriggan druid (Swamp:3)
  A salamander (Snake:4)
  2 hornets (Swamp:4)
  2 swamp drakes
  An orc warrior (Orc:2)
  2 fungi
  13 plants
  A withered plant (D:15)
24 creatures vanquished.

Grand Total: 1391 creatures vanquished

Notes
Turn   | Place    | Note
-------+----------+-------------------------------------------
     0 | D:1      | Arthanis the Gargoyle Berserker began the quest for the
                  | Orb.
     0 | D:1      | Reached XP level 1. HP: 14/14 MP: 1/1
   111 | D:1      | Reached XP level 2. HP: 12/19 MP: 2/2
   345 | D:1      | Reached skill level 3 in Axes
   584 | D:1      | Reached ** piety under Trog
   594 | D:1      | Reached XP level 3. HP: 14/23 MP: 3/3
  1132 | D:2      | Reached XP level 4. HP: 20/29 MP: 4/4
  1565 | D:2      | Reached XP level 5. HP: 15/33 MP: 5/5
  2064 | D:3      | Found an iron altar of Okawaru.
  2108 | D:3      | Reached skill level 4 in Axes
  2348 | D:3      | Found an ancient bone altar of Kikubaaqudgha.
  2530 | D:3      | Reached *** piety under Trog
  3029 | D:4      | Noticed a phantom
  3106 | D:4      | Noticed an ogre
  3117 | D:4      | Killed an ogre
  3117 | D:4      | Reached XP level 6. HP: 19/39 MP: 6/6
  3379 | D:4      | Reached skill level 5 in Axes
  3381 | D:4      | Reached skill level 5 in Fighting
  3381 | D:4      | Reached XP level 7. HP: 44/44 MP: 7/7
  3950 | D:4      | Reached skill level 6 in Axes
  4417 | D:5      | Entered Level 5 of the Dungeon
  4758 | D:5      | Reached XP level 8. HP: 51/51 MP: 8/8
  4967 | D:5      | Found a staircase to the Ecumenical Temple.
  5297 | D:6      | Reached skill level 7 in Axes
  5317 | D:6      | Got a dazzling rapier
  5777 | D:6      | Reached **** piety under Trog
  5901 | D:6      | Identified the +8 rapier "Feusizic" {venom, rElec} (You
                  | found it on level 6 of the Dungeon)
  6071 | D:6      | Reached skill level 8 in Axes
  6111 | D:6      | Noticed Prince Ribbit
  6128 | D:6      | Killed Prince Ribbit
  6128 | D:6      | Reached XP level 9. HP: 37/57 MP: 9/9
  7366 | D:7      | Found a glowing golden altar of the Shining One.
  7569 | D:7      | Reached skill level 9 in Axes
  7600 | D:7      | Found a faded altar of an unknown god.
  7600 | D:7      | Found a shadowy altar of Dithmenos.
  7605 | D:7      | Found a glowing silver altar of Zin.
  7607 | D:7      | Found a blossoming altar of Fedhas.
  7608 | D:7      | Found a shimmering blue altar of Sif Muna.
  7903 | D:8      | Found a stormy altar of Qazlal.
  8217 | D:8      | Reached skill level 5 in Armour
  8487 | D:8      | Reached XP level 10. HP: 65/65 MP: 10/10
  8520 | D:8      | Reached skill level 10 in Axes
  8842 | D:9      | Noticed a two-headed ogre
  8855 | D:9      | Killed a two-headed ogre
  9173 | D:9      | Found a runed translucent door.
  9174 | D:9      | Noticed a manticore
  9175 | D:9      | Found a runed translucent door.
  9385 | D:9      | Reached skill level 11 in Axes
  9440 | D:9      | Reached ***** piety under Trog
  9797 | D:9      | Found an ornate altar of the Wu Jian Council.
  9797 | D:9      | Found a shimmering altar of Xom.
  9973 | D:9      | Killed a manticore
  9973 | D:9      | Reached skill level 1 in Evocations
  9984 | D:9      | Reached skill level 10 in Fighting
 10292 | D:9      | Noticed a green ugly thing
 10292 | D:9      | Noticed a cyclops
 10292 | D:9      | Noticed a tengu warrior
 10308 | D:9      | Killed a green ugly thing
 10308 | D:9      | Reached XP level 11. HP: 72/72 MP: 11/11
 10315 | D:9      | Killed a tengu warrior
 10328 | D:9      | Killed a cyclops
 10370 | D:9      | Reached skill level 12 in Axes
 10810 | D:10     | Entered Level 10 of the Dungeon
 10842 | D:10     | Found a sparkling altar of Nemelex Xobeh.
 10892 | D:10     | Reached skill level 1 in Shields
 11051 | D:10     | Noticed a two-headed ogre
 11063 | D:10     | Killed a two-headed ogre
 11177 | D:10     | Noticed a death knight
 11204 | D:10     | Killed a death knight
 11329 | D:10     | Noticed Joseph
 11343 | D:10     | Killed Joseph
 11377 | D:10     | Found a staircase to the Lair.
 11580 | D:10     | Killed an unseen horror
 11580 | D:10     | Reached XP level 12. HP: 64/80 MP: 12/12
 11728 | D:11     | Noticed a two-headed ogre
 11755 | D:11     | Killed a two-headed ogre
 11755 | D:11     | Reached skill level 13 in Axes
 11806 | D:11     | Received a gift from Trog
 11813 | D:11     | Reached skill level 5 in Evocations
 12410 | D:12     | Reached skill level 5 in Shields
 12569 | D:12     | Got a pair of fine boots
 12596 | D:12     | Identified the +2 pair of boots "Feekypn" {rF- rCorr Dex+6}
                  | (You found it on level 12 of the Dungeon)
 12938 | D:12     | Noticed a two-headed ogre
 12946 | D:12     | Killed a two-headed ogre
 12975 | D:12     | Found a staircase to the Orcish Mines.
 13141 | D:13     | Noticed a two-headed ogre
 13160 | D:13     | Killed a two-headed ogre
 13464 | D:13     | Reached XP level 13. HP: 86/86 MP: 13/13
 13466 | D:13     | Noticed a rakshasa
 13501 | D:13     | Killed a rakshasa
 13501 | D:13     | Reached skill level 14 in Axes
 14217 | D:14     | Noticed Rupert
 14256 | D:14     | Killed Rupert
 14326 | D:14     | Noticed Snorg
 14724 | D:14     | Received a gift from Trog
 14901 | D:14     | Found a gate to the Vaults.
 14901 | D:14     | Noticed an ogre mage
 14909 | D:14     | Killed an ogre mage
 14909 | D:14     | Reached skill level 15 in Axes
 14911 | D:14     | Gained mutation: Your large and strong wings let you fly
                  | indefinitely. [Gargoyle growth]
 14911 | D:14     | Reached XP level 14. HP: 94/94 MP: 14/14
 14994 | D:14     | Noticed Azrael
 15018 | D:14     | Killed Azrael
 15352 | D:14     | Got a masterwork broad axe
 15358 | D:14     | Identified the +5 broad axe "Jutol" {vamp, rC+ MR+} (You
                  | found it on level 14 of the Dungeon)
 15429 | D:15     | Entered Level 15 of the Dungeon
 15639 | D:15     | Reached skill level 16 in Axes
 15659 | D:15     | Reached skill level 10 in Armour
 15690 | D:15     | Found a staircase to the Depths.
 15788 | D:15     | Reached XP level 15. HP: 88/100 MP: 15/15
 16088 | D:15     | Received a gift from Trog
 16498 | Lair:1   | Entered Level 1 of the Lair of Beasts
 16543 | Lair:1   | Noticed Fannar
 16552 | Lair:1   | Killed Fannar
 16711 | Lair:1   | Reached skill level 17 in Axes
 16852 | Lair:1   | Noticed Erica
 16863 | Lair:1   | Killed Erica
 16909 | Lair:1   | Noticed Maggie
 16926 | Lair:1   | Killed Maggie
 16947 | Lair:1   | Reached ****** piety under Trog
 17958 | Lair:2   | Received a gift from Trog
 18995 | Lair:4   | Reached skill level 18 in Axes
 19129 | Lair:4   | Found a staircase to the Snake Pit.
 19462 | Lair:4   | Found a staircase to the Swamp.
 20466 | Lair:6   | Entered Level 6 of the Lair of Beasts
 20470 | Lair:6   | Reached XP level 16. HP: 107/107 MP: 16/16
 20616 | Lair:6   | Found a staircase to the Slime Pits.
 20986 | Lair:6   | Received a gift from Trog
 21187 | Lair:6   | Found a runed translucent door.
 21693 | Orc:1    | Entered Level 1 of the Orcish Mines
 21755 | Orc:1    | Reached skill level 15 in Fighting
 22033 | Orc:2    | Entered Level 2 of the Orcish Mines
 22085 | Orc:2    | Received a gift from Trog
 22683 | Orc:2    | Received a gift from Trog
 22689 | Orc:2    | Reached skill level 19 in Axes
 22784 | Orc:2    | Found Ecvemu Adwat's Armour Shoppe.
 22797 | Orc:2    | Found a burning altar of Makhleb.
 22888 | Orc:2    | Found a roughly hewn altar of Beogh.
 22891 | Orc:2    | Found Xokloc's General Store.
 22897 | Orc:2    | Bought a scroll of identify for 26 gold pieces
 22917 | Orc:2    | Found Tigg's Antique Armour Shop.
 22946 | Orc:2    | Found Uwesch's Jewellery Shop.
 22952 | Orc:2    | Bought an uncursed ring of see invisible for 150 gold
                  | pieces
 22954 | Orc:2    | Bought the ring of the Will of the Gods {AC+4 Str+5} for
                  | 535 gold pieces
 22954 | Orc:2    | Bought the ring "Xam Mufa" {Fire +Inv Int+3} for 453 gold
                  | pieces
 22971 | Orc:2    | Found Xidop's Antique Weapon Shop.
 23016 | Orc:2    | Found a staircase to the Elven Halls.
 23220 | Orc:2    | Bought the +0 pair of fencer's gloves {Riposte Dex+3} for
                  | 1080 gold pieces
 23220 | Orc:2    | Found the +0 pair of fencer's gloves {Riposte Dex+3}
 23508 | Swamp:1  | Entered Level 1 of the Swamp
 23967 | Swamp:1  | Received a gift from Trog
 24381 | Swamp:2  | Reached XP level 17. HP: 113/113 MP: 17/17
 25057 | Swamp:3  | Reached skill level 5 in Dodging
 25147 | Swamp:3  | Found a frozen archway.
 25167 | IceCv    | Entered an ice cave
 25343 | IceCv    | Noticed an Ice Fiend
 25352 | IceCv    | Killed an Ice Fiend
 26302 | Swamp:4  | Entered Level 4 of the Swamp
 26451 | Swamp:4  | Received a gift from Trog
 26656 | Swamp:4  | Reached XP level 18. HP: 120/120 MP: 18/18
 26756 | Swamp:4  | Got an iridescent hand axe {god gift}
 26828 | Swamp:4  | Identified the +5 hand axe of Responsibility {vorpal, Int+7
                  | Dex-3} (Trog gifted it to you on level 4 of the Swamp)
 26857 | Swamp:4  | Got a decaying rune of Zot
 27251 | Snake:1  | Entered Level 1 of the Snake Pit
 27352 | Snake:1  | Noticed Frances
 27372 | Snake:1  | Killed Frances
 27372 | Snake:1  | Reached skill level 20 in Axes
 28112 | Snake:2  | Found a snail-covered altar of Cheibriados.
 28350 | Snake:2  | Found a burning altar of Makhleb.
 28564 | Snake:2  | Reached skill level 10 in Evocations
 29037 | Snake:3  | Noticed Jorgrun
 29056 | Snake:3  | Killed Jorgrun
 29415 | Snake:3  | Received a gift from Trog
 29762 | Snake:4  | Entered Level 4 of the Snake Pit
 29891 | Snake:4  | Reached XP level 19. HP: 115/127 MP: 19/19
 30288 | Snake:4  | Got a jewelled rapier
 30342 | Snake:4  | Found a snail-covered altar of Cheibriados.
 30343 | Snake:4  | Identified a scroll of acquirement
 30344 | Snake:4  | Identified the +8 rapier of Interdependent Arising {drain,
                  | rC+ rN+ SInv} (You found it on level 4 of the Snake Pit)
 30448 | Snake:4  | Reached skill level 21 in Axes
 30480 | Snake:4  | Received a gift from Trog
 30483 | Snake:4  | Got a warped battleaxe {god gift}
 30854 | Snake:4  | Got a serpentine rune of Zot
 31381 | D:10     | Identified the +1 battleaxe "Obbet" {flame, *Noise Int+5}
                  | (Trog gifted it to you on level 4 of the Snake Pit)
 31553 | Elf:1    | Entered Level 1 of the Elven Halls
 31565 | Elf:1    | Received a gift from Trog
 32075 | Elf:1    | Noticed Louise
 32091 | Elf:1    | Reached XP level 20. HP: 132/136 MP: 20/20
 32123 | Elf:1    | Killed Louise
 32128 | Elf:1    | Identified Vud Kem's Papyrus of Summoning
 32625 | Elf:2    | Received a gift from Trog
 33191 | Elf:2    | Found a huge runed translucent gate.
 33191 | Elf:2    | Found a huge runed translucent gate.
 33191 | Elf:2    | Found a huge runed translucent gate.
 33201 | Elf:2    | Found a huge runed translucent gate.
 33202 | Elf:2    | Found a huge runed translucent gate.
 33814 | Elf:3    | Entered Level 3 of the Elven Halls
 33874 | Elf:3    | Reached skill level 22 in Axes
 34455 | Elf:3    | Received a gift from Trog
 34528 | Elf:3    | Identified the +0 leather armour of Kip Jiap {+Fly MR-
                  | rCorr Slay+6}
 34539 | Elf:3    | Identified the +10 long sword of Qaretahe {vorpal, *Contam
                  | +Blink rPois Str+2}
 34577 | Elf:3    | Reached XP level 21. HP: 32/142 MP: 21/21
 34589 | Elf:3    | Identified the +5 short sword of Conformity {pain, *Rage
                  | rF++}
 34611 | Elf:3    | Killed from afar by a deep elf annihilator

Illustrated notes

Levels and vault maps discovered:
D:1:      evilmike_arrival_fibonacci_small, layout_loops_ring
D:2:      wad_lake_hut, layout_rooms, nrook_mini_backslash
D:3:      layout_basic, kiku_gazebo_pond_becter, hex_large,
          chequers_serial_rivers_small_3, okawaru_trees_1
D:4:      layout_loops_cross, serial_bayou, serial_bayou_shore_b,
          serial_bayou_lagoon_a, serial_bayou_pond_c, serial_bayou_pond_a,
          first_ration, kennysheep_generic_room_6
D:5:      layout_loops_ring, temple_doors_e, hangedman_decor_diamond_cutter,
          dk_vineyard_3, hangedman_abyss_or_decor_lesser_grid
D:6:      layout_layer_cave, chequers_hall_statues_corner_a,
          serial_bayou_lake_a, uniq_prince_ribbit1
D:7:      layout_basic, tso_oasis_becter, chequers_temple_overflow_minitemple,
          grunt_ogre_cave
D:8:      layout_basic, nicolae_qazlal_style_of_elements
D:9:      minmay_the_grid_triangle_9x9_rhombus_full
          [minmay_the_grid_triangle_9x9_stretched_checkered,
          minmay_the_grid_triangle_9x9_negative_grid,
          minmay_the_grid_triangle_9x9_odd_lines,
          minmay_the_grid_triangle_9x9_skeleton,
          minmay_the_grid_triangle_9x9_tough_junction,
          minmay_the_grid_triangle_9x9_impossible_snake,
          minmay_the_grid_triangle_9x9_checkered,
          minmay_the_grid_triangle_9x9_prize_top_heavy], layout_irregular_city,
          gammafunk_temple_overflow_elements
D:10:     layout_roguey, lair_entry_dummy, basic_altar, uniq_joseph
D:11:     layout_roguey
D:12:     layout_rooms, orc_0_dummy, grunt_decor_cap
D:13:     layout_long_grid, minmay_shattered_shrine
D:14:     minmay_wizard_corner, layout_loops_ring, david_vaults_2,
          minmay_fountain_box, minmay_misc_feat_chi, uniq_snorg, uniq_azrael,
          uniq_rupert
D:15:     gammafunk_depths_entry_grave, layout_rooms,
          chequers_serial_rivers_room_b, solitary_fountain
Lair:1:   layout_roguey, infiniplex_staircase_pool, uniq_erica, uniq_fannar,
          uniq_maggie
Lair:2:   layout_concentric_octagons, st_stairs_4, serial_bayou_shore_b,
          lemuel_fruit_tree, grunt_megastairs_4
Lair:3:   layout_chaotic_city, minmay_stone_trees_small, grunt_megastairs_3
Lair:4:   layout_hall_layers, swamp_mist, guppyfry_snake_entry_garden
Lair:5:   layout_cave_pods, minivault_27, grunt_forest_stairs_basic,
          st_stairs_4, lemuel_fruit_fields, minmay_lair_oklob_chamber
Lair:6:   guppyfry_lair_end_dragon, layout_concentric_octagons, wormcave,
          minmay_slime_entry_pillars
Swamp:1:  layout_basic_swamp, hangedman_swamp_blocks
Swamp:2:  layout_falls_marsh, nicolae_swamp_round_clearing
Swamp:3:  layout_falls_marsh, portal_ice_cave_entry_dragon,
          evilmike_swamp_ruin_house_1
Swamp:4:  swamp_basic_johnstein, layout_basic_swamp
Snake:1:  kennysheep_six_static_rooms, layout_gridlike, uniq_frances
Snake:2:  layout_layer_cave, hangedman_feature_mirror
Snake:3:  layout_grid_shapes, uniq_jorgrun
Snake:4:  snake_pit_salamanders_mu, layout_onion_interference, basic_altar,
          hangedman_venom_bottle
Orc:1:    layout_diamond_mine
Orc:2:    grunt_orc_cross, layout_caves, serial_shops, shop, bloody_makhleb
Elf:1:    elf_arrival_001, layout_loops_corners, minmay_elf_demonology,
          uniq_louise
Elf:2:    layout_loops_cross
Elf:3:    elf_hall, layout_loops_cross, grunt_ministairs_1

Skill      XL: |  1  2  3  4  5  6  7  8  9 10 11 12 13 14 15 16 17 18 19 20 |
---------------+-------------------------------------------------------------+-----
Axes           | 3 4 5 6 8 9 11 12 13 15 16 18 19 20 21 22 | 22.3
Dodging        | 2 4 5 6 |  6.0
Armour         | 3 4 5 6 8 10 11 12 13 14 | 14.8
Fighting       | 4 5 6 7 8 10 11 12 13 14 15 16 17 18 | 18.5
Evocations     | 2 4 6 8 9 10 11 | 11.3
Shields        | 3 5 6 |  6.0

Action                   |  1- 3 |  4- 6 |  7- 9 | 10-12 | 13-15 | 16-18 | 19-21 || total
-------------------------+-------+-------+-------+-------+-------+-------+-------++-------
Melee: Hand axe          |   110 |   189 |   129 |       |       |       |       ||   428
       War axe           |       |       |   129 |    48 |   399 |       |       ||   576
       Rapier            |       |       |   122 |   671 |       |       |       ||   793
       Trident           |       |       |       |       |    11 |       |       ||    11
       Broad axe         |       |       |       |       |   727 |  1730 |   896 ||  3353
Invok: Berserk           |       |     4 |     6 |    10 |    15 |    13 |     4 ||    52
       Trog's Hand       |       |       |       |     6 |     8 |     6 |     4 ||    24
       Brothers in Arms  |       |       |       |       |       |       |     1 ||     1
 Abil: Fly               |       |       |       |       |       |     1 |       ||     1
Evoke: Wand              |       |       |       |     1 |     2 |       |     2 ||     5
  Use: Scroll            |       |       |     9 |     5 |     6 |     7 |     9 ||    36
 Stab: Confused          |       |       |       |     2 |       |     6 |       ||     8
  Eat: Ration            |     1 |     2 |     4 |     5 |     6 |     8 |     4 ||    30
Armor: Animal skin       |    26 |     1 |       |       |       |       |       ||    27
       Scale mail        |       |   121 |   123 |       |       |       |       ||   244
       Chain mail        |       |       |    38 |       |       |       |       ||    38
       Plate armour      |       |       |    84 |   688 |   726 |  1125 |   505 ||  3128
       Ice dragon scales |       |       |       |       |       |    67 |       ||    67
Dodge: Dodged            |    86 |   119 |   176 |   165 |   299 |   632 |   251 ||  1728
Block: Tower shield      |       |       |       |   434 |   770 |  1452 |   695 ||  3351
       Rpst.: Broad axe  |       |       |       |       |       |    72 |    56 ||   128

Table legend:
 A = Non-vault XP
 B = Vault XP
 C = Vault XP percentage of total XP
 D = Non-vault monster count
 E = Vault monster count
 F = Vault count percentage of total count
                 A         B        C        D         E       F
            +---------+---------+-------+---------+---------+-------
      Total |  285895 |  207827 |  42.1 |    1004 |     363 |  26.6
            +---------+---------+-------+---------+---------+-------
        D:1 |      40 |       0 |   0.0 |      25 |       0 |   0.0
        D:2 |     143 |       0 |   0.0 |      26 |       0 |   0.0
        D:3 |      79 |       0 |   0.0 |      24 |       0 |   0.0
        D:4 |     695 |      43 |   5.8 |      19 |       1 |   5.0
        D:5 |     427 |       0 |   0.0 |      10 |       0 |   0.0
        D:6 |    1075 |     268 |  20.0 |      25 |       1 |   3.8
        D:7 |     206 |     121 |  37.0 |      11 |       1 |   8.3
        D:8 |    1903 |       0 |   0.0 |      24 |       0 |   0.0
        D:9 |    1740 |    4906 |  73.8 |      15 |      24 |  61.5
       D:10 |    6953 |     450 |   6.1 |      56 |       1 |   1.8
       D:11 |    4474 |       0 |   0.0 |      26 |       0 |   0.0
       D:12 |    4504 |       0 |   0.0 |      24 |       0 |   0.0
       D:13 |    5917 |    4052 |  40.6 |      39 |       9 |  18.8
       D:14 |   16813 |   10123 |  37.6 |      48 |      13 |  21.3
       D:15 |   23829 |    5060 |  17.5 |      56 |       8 |  12.5
     Lair:1 |    6099 |    2304 |  27.4 |      31 |       3 |   8.8
     Lair:2 |    5315 |    1228 |  18.8 |      18 |       5 |  21.7
     Lair:3 |    7875 |     620 |   7.3 |      28 |       3 |   9.7
     Lair:4 |    5579 |     157 |   2.7 |      16 |       1 |   5.9
     Lair:5 |    4086 |    1756 |  30.1 |      16 |       5 |  23.8
     Lair:6 |    6967 |   12034 |  63.3 |      22 |      37 |  62.7
    Swamp:1 |   10375 |       0 |   0.0 |      30 |       0 |   0.0
    Swamp:2 |   14510 |       0 |   0.0 |      23 |       0 |   0.0
    Swamp:3 |   20162 |    2640 |  11.6 |      53 |       3 |   5.4
    Swamp:4 |   12239 |   15555 |  56.0 |      32 |      29 |  47.5
    Snake:1 |   11225 |    4599 |  29.1 |      21 |       7 |  25.0
    Snake:2 |    9159 |    1344 |  12.8 |      21 |       2 |   8.7
    Snake:3 |   32240 |    2822 |   8.0 |      59 |       1 |   1.7
    Snake:4 |   18439 |   56253 |  75.3 |      40 |      89 |  69.0
      Orc:1 |    2756 |       0 |   0.0 |      34 |       0 |   0.0
      Orc:2 |    5951 |    8263 |  58.1 |      64 |      38 |  37.3
      Elf:1 |   14189 |    6484 |  31.4 |      23 |       8 |  25.8
      Elf:2 |   15311 |   22332 |  59.3 |      25 |      28 |  52.8
      Elf:3 |   14620 |   35161 |  70.6 |      20 |      24 |  54.5
      IceCv |       0 |    9252 | 100.0 |       0 |      22 | 100.0
            +---------+---------+-------+---------+---------+-------
